 Dungeon Crawl Stone Soup version 0.30.0-29-ga12c61a403 (webtiles) character file.

Game seed: 13553871692545831630

6702 McKennaii the Fighter (level 10, 0/124 HPs)
             Began as a Demonspawn Fighter on June 5, 2023.
             Was a Priest of Qazlal.
             Slain by an ice beast (10 damage)
             ... on level 7 of the Dungeon.
             The game lasted 00:09:33 (8159 turns).

McKennaii the Fighter (Demonspawn Fighter)          Turns: 8159, Time: 00:09:34

Health: 0/124      AC: 22    Str: 20    XL:     10   Next: 74%
Magic:  10/10      EV:  8    Int:  9    God:    Qazlal [***...]
Gold:   661        SH: 10    Dex: 14    Spells: 9/9 levels left

rFire   + . .        n - +2 trident (freeze)
rCold   . . .        c - +0 buckler
rNeg    + . .        b - +5 chain mail of the Demon Prince {rPois rN+ Slay+3}
rPois   +            (no helmet)
rElec   .            A - +0 cloak
rCorr   .            m - +0 pair of gloves
SInv    +            B - +0 pair of boots
Will    .....        (no amulet) Stlth
                     q - ring of protection from fire
HPRegen 0.40/turn    a - ring of see invisible
MPRegen 0.12/turn

%: no passive effects
@: berserking, studying Axes, very quick
A: claws 2, yellow scales 1, ignite blood 3
a: Renounce Religion, Upheaval, Elemental Force


You were on level 7 of the Dungeon.
You worshipped Qazlal.
Qazlal was most pleased with you.
You visited 1 branch of the dungeon, and saw 9 of its levels.

You collected 661 gold pieces.

Inventory:

Hand Weapons
 n - a +2 trident of freezing (weapon)
Missiles
 y - a throwing net (quivered)
Armour
 b - the +5 chain mail of the Demon Prince (worn) {rPois rN+ Slay+3}
   (You found it on level 2 of the Dungeon)

   Slay:      It affects your accuracy & damage with ranged weapons and melee
   (+3).
   rPois:     It protects you from poison.
   rN:        It protects you from negative energy.
 c - a +0 buckler (worn)
 m - a +0 pair of gloves (worn)
 r - a +0 tower shield
 A - a +0 cloak (worn)
 B - a +0 pair of boots (worn)
Jewellery
 a - a ring of see invisible (right hand)
 q - a ring of protection from fire (left hand)
 K - a ring of magical power
Wands
 o - a wand of iceblast (16)
 u - a wand of polymorph (12)
 F - a wand of digging (7)
Scrolls
 f - 3 scrolls of blinking {unknown}
 g - 2 scrolls of fog {unknown}
 h - 6 scrolls of identify {unknown}
 k - 3 scrolls of immolation {unknown}
 p - 4 scrolls of teleportation {unknown}
 s - 2 scrolls of vulnerability {unknown}
 w - 3 scrolls of enchant armour {unknown}
 z - a scroll of fear {unknown}
 D - a scroll of poison {unknown}
 G - a scroll of enchant weapon {unknown}
 H - a scroll of acquirement {unknown}
 I - a scroll of summoning {unknown}
 J - a scroll of amnesia {unknown}
Potions
 d - 3 potions of might
 e - 3 potions of lignification
 i - a potion of attraction {unknown}
 j - 3 potions of flight {unknown}
 l - 2 potions of cancellation {unknown}
 t - 2 potions of degeneration {unknown}
 v - 6 potions of heal wounds {unknown}
 x - a potion of berserk rage {unknown}
 C - a potion of haste {unknown}
 E - a potion of ambrosia {unknown}


   Skills:
 + Level 9.4 Fighting
 + Level 8.4 Polearms
 + Level 8.6 Armour
 + Level 6.2 Shields


You had 9 spell levels left.
You didn't know any spells.
Your spell library contained the following spells:

 Spells                   Type           Power      Damage    Failure   Level
 Beastly Appendage        Tmut           0%         N/A       96%         1
 Magic Dart               Conj           0%         1d3       96%         1
 Summon Small Mammal      Summ           0%         N/A       96%         1
 Cigotuvi's Dreadful Rot  Necr/Pois/Air  0%         N/A       99%         2
 Searing Ray              Conj           0%         2d4       99%         2
 Wereblood                Tmut           0%         N/A       99%         2
 Call Canine Familiar     Summ           0%         N/A       100%        3
 Ignite Poison            Fire/Tmut/Pois 0%         N/A       100%        3
 Inner Flame              Hex/Fire       0%         N/A       100%        3
 Ozocubu's Armour         Ice            0%         N/A       100%        3
 Spider Form              Tmut/Pois      0%         N/A       100%        3
 Summon Guardian Golem    Hex/Summ       0%         N/A       100%        3
 Flame Wave               Conj/Fire      0%         2d4       100%        4
 Fulminant Prism          Conj/Hex       0%         3d5       100%        4
 Sticky Flame             Conj/Fire      0%         2d3       100%        4
 Freezing Cloud           Conj/Ice/Air   0%         6-21      100%        5
 Metabolic Englaciation   Hex/Ice        0%         N/A       100%        5
 Simulacrum               Ice/Necr       0%         N/A       100%        6


Dungeon Overview and Level Annotations

Branches:
Dungeon (9/15)             Temple (0/1) D:6
   Lair: D:8-11         Orc: D:9-12

Altars:
Ashenzari
Cheibriados
Dithmenos
Fedhas
Gozag
Hepliaklqana
Makhleb
Okawaru
Qazlal
Sif Muna
Trog
Vehumet
Xom
Yredelemnul

Shops:
D:8 (

Annotations:
D:7 ripuliukko's ghost, novice MiFi


Innate Abilities, Weirdness & Mutations

You have very sharp fingernails.
You are partially covered in yellow scales. (AC +2)
Your demonic aura causes all spilled blood to erupt in flames.


Message History

You block the moth of wrath's attack.
Unknown command.
Unknown command.
You puncture the moth of wrath! You freeze the moth of wrath.
The moth of wrath is severely wounded.
You block the ice beast's attack. The moth of wrath bites you!
* * * LOW HITPOINT WARNING * * *
The moth of wrath infuriates you!
A red film seems to cover your vision as you go berserk!
You feel yourself moving faster!
You feel mighty! The ice beast barely misses you.
Unknown command.
Unknown command.
Unknown command.
You barely miss the moth of wrath.
The moth of wrath is severely wounded.
You feel sick. You block the moth of wrath's attack.
The ice beast hits you but does no damage.
Unknown command.
You puncture the ice beast!
The ice beast is severely wounded.
You feel sick.
You are no longer poisoned.
The moth of wrath bites you!
* * * LOW HITPOINT WARNING * * *
The ice beast hits you but does no damage.
You closely miss the ice beast.
The ice beast is severely wounded.
The moth of wrath bites you!
* * * LOW HITPOINT WARNING * * *
The ice beast hits you but does no damage.
Unknown command.
You closely miss the ice beast.
The ice beast is severely wounded.
The moth of wrath bites you.
* * * LOW HITPOINT WARNING * * *
The ice beast hits you.
* * * LOW HITPOINT WARNING * * *
The ice beast freezes you!
You die...

######........###...###...#..#
#........#©†y....##..#..#
#........#..y#.#..#..#..#
#........#yhD#.#..#..#..#
#.......##y#Wh...##..#.)#
#.......#.#...#.?#...#..#
#.[.....#...#©.[(#©..#...
#[[....○##.....#)#...'...
######......y@#.#...#.##..#...
#...........Y##..##.#. #..#...
#............#...#...#.#..#...
#............##..yD#..##..#...
#.............##.yy...#...#...
#..............#####.##...#...
#...............)..###....#...
#...............#[........#...
#...............#....'....#...


You could see a moth of wrath and an ice beast (berserk).

Vanquished Creatures
  2 two-headed ogres
  Pikel (D:9)
  Maurice (D:8)
  Joseph (D:7)
  A troll (D:9)
  A vampire (D:9)
  Sigmund (D:3)
  A wraith (D:7)
  Menkaure (D:7)
  Duvessa (D:6)
  2 orc warriors
  A water moccasin (D:6)
  A black bear (D:3)
  2 sky beasts
  2 ogres
  2 centaurs
  Blork the orc (D:6)
  2 bullfrogs (D:6)
  A phantom (D:5)
  A kobold brigand (D:6)
  A gnoll sergeant (D:4)
  4 scorpions
  7 wights
  Dowan (D:5)
  5 killer bees (D:7)
  6 howler monkeys
  2 gnoll boudas
  4 hounds
  4 orc priests
  4 iguanas
  Natasha (thrice) (D:2)
  12 orc wizards
  19 gnolls
  8 adders
  A shadow imp (D:5)
  2 white imps
  An ufetubus (D:5)
  3 dart slugs
  39 orcs
  12 ball pythons
  5 endoplasms
  3 giant cockroaches
  7 goblins
  11 hobgoblins
  7 jackals
  5 quokkas
  3 bats (D:2)
  3 frilled lizards
  12 kobolds
  5 rats
225 creatures vanquished.

Notes
Turn   | Place    | Note
-------+----------+-------------------------------------------
     0 | D:1      | McKennaii the Demonspawn Fighter began the quest for the
                  | Orb.
     0 | D:1      | Reached XP level 1. HP: 18/18 MP: 1/1
   227 | D:1      | Gained mutation: You have sharp fingernails. [demonic
                  | ancestry]
   227 | D:1      | Reached XP level 2. HP: 24/24 MP: 2/2
   778 | D:2      | Gained mutation: Your demonic aura sometimes causes spilled
                  | blood to erupt in flames. [demonic ancestry]
   778 | D:2      | Reached XP level 3. HP: 28/29 MP: 3/3
   807 | D:2      | Identified the +5 chain mail of the Demon Prince {rPois rN+
                  | Slay+3}
   922 | D:2      | Found a faded altar of an unknown god.
  1040 | D:2      | Gained mutation: Your demonic aura often causes spilled
                  | blood to erupt in flames. [demonic ancestry]
  1040 | D:2      | Reached XP level 4. HP: 36/36 MP: 4/4
  1180 | D:2      | Noticed Natasha
  1190 | D:2      | Killed Natasha
  1202 | D:2      | Noticed Natasha
  1210 | D:2      | Killed Natasha
  1223 | D:2      | Noticed Natasha
  1229 | D:2      | Killed Natasha
  1230 | D:2      | Reached XP level 5. HP: 42/42 MP: 5/5
  1547 | D:3      | Reached skill level 4 in Fighting
  1574 | D:3      | Found a stormy altar of Qazlal.
  1635 | D:3      | Found a broken altar of Ashenzari.
  1738 | D:3      | Found a snail-covered altar of Cheibriados.
  1978 | D:3      | Found a faded altar of an unknown god.
  1983 | D:3      | Found a radiant altar of Vehumet.
  2126 | D:3      | Noticed a black bear
  2129 | D:3      | Killed a black bear
  2130 | D:3      | Reached XP level 6. HP: 49/49 MP: 6/6
  2171 | D:3      | Found a basalt altar of Yredelemnul.
  2230 | D:3      | Found a burning altar of Makhleb.
  2266 | D:3      | Became a worshipper of Qazlal Stormbringer
  2426 | D:3      | Found an opulent altar of Gozag.
  2426 | D:3      | Noticed Sigmund
  2438 | D:3      | Killed Sigmund
  2546 | D:3      | Noticed an angel
  2801 | D:4      | Reached XP level 7. HP: 55/55 MP: 7/7
  3009 | D:4      | Reached skill level 5 in Fighting
  3326 | D:4      | Reached * piety under Qazlal
  3612 | D:5      | Entered Level 5 of the Dungeon
  3762 | D:4      | Reached skill level 5 in Armour
  3930 | D:5      | Gained mutation: You are partially covered in yellow
                  | scales. (AC +2) [demonic ancestry]
  3930 | D:5      | Reached XP level 8. HP: 49/64 MP: 8/8
  3990 | D:5      | Identified the +2 ring mail of Kiwuf {Fly Str+2}
  4162 | D:5      | Found a blossoming altar of Fedhas.
  4175 | D:5      | Reached skill level 5 in Polearms
  4298 | D:5      | Reached skill level 6 in Fighting
  4583 | D:6      | Noticed Dowan
  4584 | D:6      | Noticed Duvessa
  4588 | D:6      | Killed Duvessa
  4667 | D:5      | Reached ** piety under Qazlal
  4668 | D:5      | Reached skill level 7 in Fighting
  5063 | D:6      | Gained mutation: You have very sharp fingernails. [demonic
                  | ancestry]
  5063 | D:6      | Reached XP level 9. HP: 72/72 MP: 9/9
  5176 | D:5      | Killed Dowan
  5293 | D:6      | Found a staircase to the Ecumenical Temple.
  5459 | D:6      | Noticed Blork the orc
  5464 | D:6      | Killed Blork the orc
  5851 | D:7      | Noticed a moth of wrath
  5853 | D:7      | Found a transporter.
  5859 | D:7      | Noticed ripuliukko's ghost (novice MiFi)
  5883 | D:7      | Noticed Joseph
  6107 | D:7      | Reached skill level 8 in Fighting
  6223 | D:7      | Found a shimmering blue altar of Sif Muna.
  6362 | D:7      | Noticed Menkaure
  6365 | D:7      | Killed Menkaure
  6414 | D:7      | Found a transporter.
  6800 | D:7      | Killed Joseph
  6839 | D:8      | Found Ocopips's Antique Weapon Boutique.
  6993 | D:8      | Noticed a two-headed ogre
  6993 | D:8      | Reached *** piety under Qazlal
  6994 | D:8      | Gained mutation: Your demonic aura causes all spilled blood
                  | to erupt in flames. [demonic ancestry]
  6994 | D:8      | Reached XP level 10. HP: 70/82 MP: 10/10
  6996 | D:8      | Killed a two-headed ogre
  6997 | D:8      | Reached skill level 5 in Shields
  7049 | D:8      | Noticed Maurice
  7057 | D:8      | Killed Maurice
  7162 | D:8      | Found an iron altar of Okawaru.
  7311 | D:8      | Found a hazy altar of Hepliaklqana.
  7353 | D:8      | Found a shadowy altar of Dithmenos.
  7454 | D:9      | Reached skill level 9 in Fighting
  7610 | D:9      | Noticed a two-headed ogre
  7616 | D:9      | Killed a two-headed ogre
  7663 | D:9      | Noticed Pikel
  7669 | D:9      | Killed Pikel
  7965 | D:9      | Found a sacrificial altar of Ru.
  7967 | D:9      | Found a bloodstained altar of Trog.
  7967 | D:9      | Found an iron altar of Okawaru.
  7969 | D:9      | Found a broken altar of Ashenzari.
  7969 | D:9      | Found an iron altar of Okawaru.
  7969 | D:9      | Found a shimmering altar of Xom.
  8159 | D:7      | Slain by an ice beast

Illustrated notes

Levels and vault maps discovered:
D:1:      dpeg_arrival_rhombi, layout_basic
D:2:      layout_basic, shapermc_ecumenical_altar_gd, minmay_hexomino_u4,
          uniq_natasha
D:3:      layout_loops_ring, mainiacjoe_overflow_tiny_flanked,
          nicolae_overflow_ecumenical_swirl, kennysheep_slug_shrine,
          old_standard_altar, mainiacjoe_overflow_alcove_4,
          grunt_temple_overflow_holy_war, lemuel_round_altar, uniq_sigmund
D:4:      layout_loops_corners, minmay_misc_feat_four_crosses
D:5:      layout_loops_ring, mainiacjoe_overflow_cross_hatched,
          minmay_misc_feat_encased
D:6:      layout_rooms, minmay_temple_entry_wispy, serial_corexii_hall,
          corexii_hall_statues_deadend, chequers_hall_statues_y,
          corexii_hall_statues_deadend, chequers_hall_statues_y,
          minmay_manual_mail, uniq_blork_the_orc, uniq_duvessa
D:7:      layout_gridville, mainiacjoe_overflow_paths,
          gammafunk_ghost_berserking_beasts, minivault_11, uniq_joseph,
          uniq_menkaure
D:8:      layout_rooms, kennysheep_little_box, okawaru_gym_becter,
          nicolae_dithmenos_through_a_glass_darkly, serial_shops, shop,
          uniq_maurice
D:9:      layout_long_grid, doesnt_xom_only_xom, uniq_pikel

Skill      XL: |  1  2  3  4  5  6  7  8  9 10 |
---------------+-------------------------------+-----
Polearms       | 2 3 4 6 7 8 |  8.4
Shields        | 3 4 6 |  6.2
Armour         | 3 4 5 6 7 8 |  8.6
Fighting       | 4 5 7 8 9 |  9.4

Action                     |  1- 3 |  4- 6 |  7- 9 | 10-12 || total
---------------------------+-------+-------+-------+-------++-------
  Melee: Trident           |   108 |   133 |   131 |    92 ||   464
         Spear             |       |     6 |   260 |       ||   266
  Evoke: Wand              |       |     3 |     3 |       ||     6
    Use: Potion            |       |       |     3 |       ||     3
 Armour: Chain mail        |    79 |    86 |   212 |    28 ||   405
         Scale mail        |     9 |       |       |       ||     9
         Skin              |       |       |    46 |       ||    46
  Dodge: Dodged            |    48 |    41 |   122 |    11 ||   222
  Block: Buckler           |    28 |    32 |   142 |    26 ||   228
